 Dungeon Crawl Stone Soup version 0.23-a0-183-gf37f6fb109 (webtiles) character file.

281 Ablot the Charmwright (level 6, 0/50 HPs)
             Began as a Gnoll Skald on Sept 21, 2018.
             Slain by an adder (2 damage)
             ... in a sewer.
             The game lasted 00:05:11 (2983 turns).

Ablot the Charmwright (Gnoll Skald)                 Turns: 2983, Time: 00:05:12

Health: 0/50       AC:  4    Str: 13 (14) XL:     6   Next: 27%
Magic:  6/14       EV: 11    Int: 13 (16) God:
Gold:   219        SH:  0    Dex: 12 (15) Spells: 4/15 levels left

rFire    + + .     SeeInvis .   a - +0 spear
rCold    . . .     Gourm    .   (no shield)
rNeg     . . .     Faith    .   b - +0 leather armour
rPois    +         Spirit   .   (no helmet)
rElec    +         Reflect  .   s - +0 cloak
rCorr    +         Harm     .   (no gloves)
MR       .....                  (no boots)
Stlth    ++........             (no amulet)
HPRegen  0.16/turn              k - ring of fire
MPRegen  0.14/turn              (no ring)

@: lethally poisoned (0 -> -2), resistant, singing, flying, very slightly
contaminated, constricted
A: distributed training, fangs 1, strong nose
a: no special abilities


You were in a sewer.
You were not hungry.

You visited 1 branch of the dungeon, and saw 4 of its levels.
You also visited: Sewer.

You collected 219 gold pieces.

Inventory:

Hand Weapons
 a - a +0 spear (weapon)
Missiles
 g - 35 bolts
 l - 6 needles of sleeping
 o - 15 poisoned needles
 p - 56 stones (quivered)
 w - 46 sling bullets
Armour
 b - a +0 leather armour (worn)
 s - a +0 cloak (worn)
Jewellery
 k - a ring of fire (left hand)
Scrolls
 c - 6 scrolls of identify
 e - a scroll of fog {unknown}
 i - 2 scrolls of amnesia {unknown}
 j - 4 scrolls of blinking {unknown}
 m - a scroll of noise {unknown}
 n - a scroll of enchant weapon {unknown}
 t - 4 scrolls of magic mapping {unknown}
 y - a scroll of fear {unknown}
Potions
 f - 3 potions of agility
 h - a potion of flight
 u - 3 potions of curing
 v - a potion of mutation {unknown}
 z - a potion of lignification {unknown}
 A - a potion of magic {unknown}
 B - a potion of might {unknown}
 C - a potion of heal wounds {unknown}
Comestibles
 d - 5 rations
 x - a chunk of flesh


   Skills:
 + Level 4.9 Fighting
 + Level 1.8 Short Blades
 + Level 1.8 Long Blades
 + Level 1.8 Axes
 + Level 1.8 Maces & Flails
 + Level 4.9 Polearms
 + Level 1.8 Staves
 + Level 1.8 Slings
 + Level 1.8 Bows
 + Level 1.8 Crossbows
 + Level 1.8 Throwing
 + Level 3.2 Armour
 + Level 4.9 Dodging
 + Level 1.8 Stealth
 + Level 1.8 Shields
 + Level 1.8 Unarmed Combat
 + Level 5.3 Spellcasting
 + Level 1.4 Conjurations
 + Level 1.4 Hexes
 + Level 5.6 Charms
 + Level 1.4 Summonings
 + Level 1.4 Necromancy
 + Level 1.4 Translocations
 + Level 1.4 Transmutations
 + Level 1.4 Fire Magic
 + Level 1.4 Ice Magic
 + Level 1.4 Air Magic
 + Level 1.4 Earth Magic
 + Level 1.4 Poison Magic
 + Level 2.0 Invocations
 + Level 1.8 Evocations


You had 4 spell levels left.
You knew the following spells:

 Your Spells              Type           Power        Failure   Level  Hunger
a - Infusion              Chrm           ###.         2%          1    None
b - Song of Slaying       Chrm           ###.....     3%          2    ##.....
c - Shroud of Golubria    Chrm/Tloc      ##........   9%          2    ##.....
d - Regeneration          Chrm/Necr      ##........   16%         3    ###....
e - Spectral Weapon       Hex/Chrm       ##......     16%         3    ###....

Your spell library contained the following spells:

 Spells                   Type           Power        Failure   Level  Hunger


Dungeon Overview and Level Annotations

Branches:
Dungeon (4/15)
 Temple: D:4-7

Altars:
Cheibriados
Gozag
Nemelex Xobeh
Trog
Wu Jian


Innate Abilities, Weirdness & Mutations

Your experience applies equally to all skills.
You have very sharp teeth.
Your uncanny sense of smell can sniff out nearby items.


Message History

The bullfrog misses you.
The ball python bites you but does no damage.
The ball python constricts you. The ball python closely misses you.
The adder bites you but does no damage. The bullfrog closely misses you.
The frilled lizard bites you but does no damage.
The bullfrog barely misses you.
Wield which item (- for none, * to show all)? (? for menu, Esc to quit)
Okay, then.
It was a potion of degeneration.
There was something very wrong with that liquid.
You feel weakened.
You feel dopey.
You feel clumsy.
* * * LOW HITPOINT WARNING * * *
You feel sick.
Your spectral weapon fades away.
The adder closely misses you. The ball python barely misses you.
The ball python bites you but does no damage.
The ball python constricts you. The bullfrog barely misses you.
The bullfrog hits you but does no damage.
The frilled lizard barely misses you. The adder bites you.
You die...

≈≈≈≈≈#
#####≈≈≈≈≈≈#
≈≈≈≈≈#
#≈≈≈≈≈≈#
≈≈≈≈≈#
#≈≈≈≈≈≈#
≈≈≈≈≈#
#≈≈≈≈≈≈#
≈≈≈≈≈#
#≈≈≈≈≈≈#
≈.†≈##
#≈≈≈≈≈≈#
≈..≈≈#
#≈≈≈≈≈≈#
≈≈≈≈≈#
#≈≈≈FS≈#
≈≈≈≈≈#
#≈≈SS@S#
≈≈≈≈≈#
#≈≈≈#Fl#
≈≈≈≈≈#
#≈≈≈≈l≈#
≈≈≈≈≈#
#≈≈≈≈≈≈#
≈≈≈≈≈#
#≈≈≈≈≈≈#
≈≈≈≈≈#
#≈≈≈≈≈≈#
≈≈≈≈≈#
#≈≈≈≈≈≈#
...≈##
##.≈.≈##
.....#
......


You could see 2 bullfrogs, an adder, 3 ball pythons and 2 frilled lizards.

Vanquished Creatures
  An orc priest (D:2)
  4 adders
  8 river rats (Sewer)
  2 shadow imps
  3 oozes
  3 worms
  2 dart slugs (D:3)
  A leopard gecko (D:2)
  2 orcs (D:2)
  8 bats
  5 giant cockroaches
  10 hobgoblins
  7 jackals
  3 quokkas
  11 ball pythons
  4 frilled lizards
  6 goblins
  4 kobolds
  A leopard gecko skeleton (D:4)
  26 rats
111 creatures vanquished.

Notes
Turn   | Place    | Note
-------+----------+-------------------------------------------
     0 | D:1      | Ablot the Gnoll Skald began the quest for the Orb.
     0 | D:1      | Reached XP level 1. HP: 20/20 MP: 6/6
   142 | D:1      | Reached XP level 2. HP: 23/26 MP: 7/7
   225 | D:1      | Learned a level 2 spell: Song of Slaying
   228 | D:1      | Learned a level 2 spell: Shroud of Golubria
   654 | D:2      | Found an opulent altar of Gozag.
   798 | D:2      | Reached XP level 3. HP: 22/31 MP: 9/9
   803 | D:2      | Learned a level 3 spell: Regeneration
   807 | D:2      | Learned a level 3 spell: Spectral Weapon
   824 | D:2      | Reached skill level 5 in Spellcasting
   968 | D:2      | Reached skill level 1 in Invocations
  1186 | D:2      | Reached skill level 1 in Short Blades
  1186 | D:2      | Reached skill level 1 in Long Blades
  1186 | D:2      | Reached skill level 1 in Axes
  1186 | D:2      | Reached skill level 1 in Maces & Flails
  1186 | D:2      | Reached skill level 1 in Staves
  1186 | D:2      | Reached skill level 1 in Slings
  1186 | D:2      | Reached skill level 1 in Bows
  1186 | D:2      | Reached skill level 1 in Crossbows
  1186 | D:2      | Reached skill level 1 in Throwing
  1186 | D:2      | Reached skill level 1 in Stealth
  1186 | D:2      | Reached skill level 1 in Shields
  1186 | D:2      | Reached skill level 1 in Unarmed Combat
  1186 | D:2      | Reached skill level 1 in Evocations
  1186 | D:2      | Reached XP level 4. HP: 32/38 MP: 0/11
  1261 | D:2      | Reached skill level 1 in Conjurations
  1261 | D:2      | Reached skill level 1 in Hexes
  1261 | D:2      | Reached skill level 1 in Summonings
  1261 | D:2      | Reached skill level 1 in Necromancy
  1261 | D:2      | Reached skill level 1 in Translocations
  1261 | D:2      | Reached skill level 1 in Transmutations
  1261 | D:2      | Reached skill level 1 in Fire Magic
  1261 | D:2      | Reached skill level 1 in Ice Magic
  1261 | D:2      | Reached skill level 1 in Air Magic
  1261 | D:2      | Reached skill level 1 in Earth Magic
  1261 | D:2      | Reached skill level 1 in Poison Magic
  1272 | D:2      | Found an ornate altar of the Wu Jian Council.
  1729 | D:3      | Found a sparkling altar of Nemelex Xobeh.
  1741 | D:3      | Reached XP level 5. HP: 36/43 MP: 12/12
  2162 | D:3      | Found a snail-covered altar of Cheibriados.
  2211 | D:3      | Found a bloodstained altar of Trog.
  2483 | D:4      | Found a glowing drain.
  2523 | Sewer    | Entered a sewer
  2714 | Sewer    | Reached XP level 6. HP: 48/50 MP: 6/13
  2983 | Sewer    | HP: 2/50 [poisoned by an adder]
  2983 | Sewer    | Slain by an adder

Vault maps used:
D:1:      lightli_arrival_maybe_door_vault
D:2:      nicolae_gozag_seed_capital, lemuel_crystal_altar, first_ration,
          minmay_misc_feat_rows
D:3:      nemelex_xobeh_ov_fountains_minmay, kennysheep_slug_shrine,
          nicolae_overflow_crystal_walls, grunt_ministairs_6, minmay_unequal
D:4:      nicolae_overflow_quartered_altars, gup_sewer_entry_glass, uniq_pikel,
          uniq_grinder
Sewer:    sewer_minmay_w

Skill      XL: |  1  2  3  4  5  6 |
---------------+-------------------+-----
Spellcasting   | 5 |  5.3
Invocations    | 1 2 |  2.0
Short Blades   | 1 |  1.8
Long Blades    | 1 |  1.8
Axes           | 1 |  1.8
Maces & Flails | 1 |  1.8
Staves         | 1 |  1.8
Slings         | 1 |  1.8
Bows           | 1 |  1.8
Crossbows      | 1 |  1.8
Throwing       | 1 |  1.8
Stealth        | 1 |  1.8
Shields        | 1 |  1.8
Unarmed Combat | 1 |  1.8
Evocations     | 1 |  1.8
Conjurations   | 1 |  1.4
Hexes          | 1 |  1.4
Summonings     | 1 |  1.4
Necromancy     | 1 |  1.4
Translocations | 1 |  1.4
Transmutations | 1 |  1.4
Fire Magic     | 1 |  1.4
Ice Magic      | 1 |  1.4
Air Magic      | 1 |  1.4
Earth Magic    | 1 |  1.4
Poison Magic   | 1 |  1.4
Armour         | 3 |  3.2
Fighting       | |  4.9
Polearms       | |  4.9
Dodging        | |  4.9
Charms         | |  5.6

Action                   |  1- 3 |  4- 6 || total
-------------------------+-------+-------++-------
Melee: Spear             |   135 |   224 ||   359
       Bite              |     8 |    21 ||    29
 Cast: Infusion          |     2 |       ||     2
       Shroud of Golubri |     2 |     9 ||    11
       Regeneration      |     2 |     4 ||     6
       Spectral Weapon   |     1 |     9 ||    10
       Song of Slaying   |     1 |     4 ||     5
  Use: Potion            |       |     4 ||     4
       Scroll            |       |     1 ||     1
 Stab: Distracted        |     2 |       ||     2
       Sleeping          |     3 |     5 ||     8
  Eat: Chunk             |     1 |     8 ||     9
Armor: Leather armour    |    16 |    55 ||    71
Dodge: Dodged            |    71 |   218 ||   289

Table legend:
 A = Non-vault XP
 B = Vault XP
 C = Vault XP percentage of total XP
 D = Non-vault monster count
 E = Vault monster count
 F = Vault count percentage of total count
                 A         B        C        D         E       F
            +---------+---------+-------+---------+---------+-------
      Total |     207 |     195 |  48.5 |      63 |      48 |  43.2
            +---------+---------+-------+---------+---------+-------
        D:1 |      26 |       0 |   0.0 |      16 |       0 |   0.0
        D:2 |     109 |       0 |   0.0 |      25 |       0 |   0.0
        D:3 |      71 |       8 |  10.1 |      21 |       4 |  16.0
        D:4 |       1 |      20 |  95.2 |       1 |       4 |  80.0
      Sewer |       0 |     167 | 100.0 |       0 |      40 | 100.0
            +---------+---------+-------+---------+---------+-------
